 Dungeon Crawl Stone Soup version 0.31-a0-241-g00f4a5a00c (webtiles) character file.

Game seed: 4711080274295846500

932 qw the Skirmisher (level 7, -5/51 (61) HPs)
             Began as a Minotaur Hexslinger on July 12, 2023.
             Was a Follower of Okawaru.
             Slain by a wight
             ... wielding a +3 short sword
              (7 damage)
             ... on level 7 of the Dungeon.
             The game lasted 00:01:52 (4229 turns).

qw the Skirmisher (Minotaur Hexslinger)             Turns: 4229, Time: 00:01:53

HP:   -5/51 (61)    AC:  9    Str: 13    XL:     7   Next: 86%
MP:   5/7           EV: 13    Int: 10    God:    Okawaru [*.....]
Gold: 184           SH:  0    Dex: 14    Spells: 7/8 levels left

rFire   . . .        g - +0 arbalest
rCold   . . .        (shield currently unavailable)
rNeg    . . .        j - +0 ring mail
rPois   .            (helmet restricted)
rElec   .            o - scarf {repulsion}
rCorr   .            k - +2 pair of gloves
SInv    .            (no boots)
Will    .....        e - amulet of faith
Stlth   ++           (no ring)
HPRegen 0.28/turn    (no ring)
MPRegen 0.10/turn

%: repel missiles, faith
@: heroic, marked, heavily drained
A: horns 2, retaliatory headbutt
a: Renounce Religion, Heroism


You were on level 7 of the Dungeon.
You worshipped Okawaru.
Okawaru was aware of your devotion.
You visited 2 branches of the dungeon, and saw 7 of its levels.

You collected 184 gold pieces.


Innate Abilities, Weirdness & Mutations

You have a pair of horns on your head.
You reflexively headbutt those who attack you in melee.


   Skills:
 - Level 5.0(10.0) Fighting
 + Level 8.1(13.1) Ranged Weapons
 - Level 2.0(7.0) Armour
 - Level 2.1(7.1) Dodging
 - Level 1.0 Spellcasting
 - Level 2.0 Hexes
 + Level 2.6 Invocations


You had 7 spell levels left.
You knew the following spells:

 Your Spells              Type           Power      Damage    Failure   Level
a - Slow                  Hex            16%        N/A       28%         1

Your spell library contained the following spells:

 Spells                   Type           Power      Damage    Failure   Level
 Inner Flame              Hex/Fire       2%         N/A       78%         3
 Portal Projectile        Hex/Tloc       4%         N/A       78%         3
 Cause Fear               Hex            2%         N/A       96%         4

Inventory:

Hand Weapons
 g - a +0 arbalest (weapon)
Armour
 j - a +0 ring mail (worn)
 k - a +2 pair of gloves (worn)
 o - a scarf of repulsion (worn)
Jewellery
 c - a ring of positive energy
 e - an amulet of faith (around neck)
 q - a ring of poison resistance
Scrolls
 i - 4 scrolls of identify
 p - a scroll of amnesia {unknown}
Potions
 a - a potion of lignification {unknown}
 b - 3 potions of curing
 d - a potion of might
 f - 2 potions of haste
 h - 2 potions of mutation
 l - 2 potions of enlightenment
 m - a potion of degeneration {unknown}
 n - a potion of heal wounds {unknown}
 r - a potion of resistance {unknown}

Dungeon Overview and Level Annotations

Branches:
Dungeon (5/15)             Temple (1/1) D:4

Altars:
Ashenzari
Dithmenos
Elyvilon
Fedhas
Gozag
Makhleb
Nemelex Xobeh
Okawaru
Qazlal
Ru
Sif Muna
Trog
Uskayaw
Vehumet
Wu Jian
Xom
Yredelemnul
Zin
The Shining One

Shops:
D:1 *   D:2 (   D:5 :

Annotations:
D:3 1 runed translucent door, Crazy Yiuf


Message History

Your Armour skill increases to level 2!
You shoot a bolt. The bolt closely misses the wight.
The bolt hits the wight!
The wight is moderately damaged.
The wight barely misses you. You furiously retaliate!
You headbutt the wight.
The wight hits you from afar with a +1 spear.
You feel drained.
The wight hits you with a +4 hand axe of freezing.
You feel drained. The wight freezes you.
The wight hits you but does no damage. x2
4224 ||| INVOKING Heroism.
You gain the combat prowess of a mighty hero.
The wight hits you but does no damage.
You shoot a bolt.
The bolt hits the wight but does no damage.
The wight is moderately damaged.
The wight barely misses you.
The wight hits you from afar with a +1 spear.
You feel drained.
The wight hits you but does no damage. x2
You shoot a bolt. The bolt hits the wight!
The wight is almost destroyed.
The wight hits you but does no damage. The wight barely misses you.
The wight misses you.
The wight hits you with a +4 hand axe of freezing.
You feel drained. The wight freezes you. The wight closely misses you.
The wight hits you with a +0 long sword.
The wight completely misses you. The wight hits you but does no damage.
The wight closely misses you. The wight hits you but does no damage.
You shoot a bolt. The bolt barely misses the wight.
The wight misses you.
The wight hits you but does no damage. x2
The wight barely misses you.
The wight hits you from afar with a +1 spear.
You shoot a bolt. The bolt closely misses the wight.
The wight hits you with a +0 long sword.
You feel drained.
The wight hits you but does no damage. x2
The wight barely misses you. The wight misses you.
You shoot a bolt.
The bolt hits the wight but does no damage.
The wight is almost destroyed.
The wight closely misses you.
The wight hits you with a +3 short sword!
You die...

+........# .....
......... .....
$........ .....#
........ ......
#.....#
......##.....#
.......zz....#
......zz@....#
...##..z....#
.............# 7 ..
.>..........##.7...
......#####..#...#
?.....##.........#
......+........#.#
......#........#
...............#.+


You could see 5 wights.

Vanquished Creatures
  An ogre (D:5)
  A phantom (D:4)
  2 scorpions (D:5)
  2 orc priests (D:4)
  2 hounds
  2 sleepcaps (D:5)
  5 iguanas
  4 orc wizards
  Robin (D:4)
  7 gnolls (D:4)
  5 adders
  An ufetubus (D:4)
  6 worms
  14 orcs
  7 endoplasms
  2 giant cockroaches (D:4)
  17 goblins
  8 hobgoblins
  4 jackals (D:3)
  5 quokkas
  8 ball pythons
  5 bats
  A frilled lizard (D:1)
  7 kobolds
  3 rats (D:1)
120 creatures vanquished.

Notes
Turn   | Place    | Note
-------+----------+-------------------------------------------
     0 | D:1      | qw the Minotaur Hexslinger began the quest for the Orb.
     0 | D:1      | Reached XP level 1. HP: 16/16 MP: 1/1
     0 | D:1      | 0 ||| qw: Version: 0.3-a-52-g30416fa
     0 | D:1      | 0 ||| qw: Game counter: 6191
     0 | D:1      | 0 ||| qw: Melee chars always use a shield: true
     0 | D:1      | 0 ||| qw: God list: Okawaru
     0 | D:1      | 0 ||| qw: Allow faded altars: false
     0 | D:1      | 0 ||| qw: Do Orc after clearing Dungeon:15 true
     0 | D:1      | 0 ||| qw: Do second Lair branch before Depths: true
     0 | D:1      | 0 ||| qw: Lair rune preference: random
     0 | D:1      | 0 ||| qw: Goals: Normal
     0 | D:1      | 0 ||| PLANNING D:1-11
   138 | D:1      | Reached skill level 3 in Ranged Weapons
   139 | D:1      | Reached XP level 2. HP: 11/23 MP: 2/2
   263 | D:1      | Found Ymorph's General Store.
   272 | D:1      | 272 ||| SHOPLISTING potion of might (56 gold, have 26).
   483 | D:1      | 483 ||| UPGRADING to +0 pair of gloves.
   488 | D:1      | 488 ||| READING scroll labelled ZAILEL NOTZ.
   491 | D:1      | 491 ||| READING scroll labelled GUOSA AHO.
   492 | D:1      | 492 ||| DROPPING scroll of poison.
   508 | D:2      | Found Vaen's Weapon Boutique.
   844 | D:2      | Reached XP level 3. HP: 25/29 MP: 3/3
  1079 | D:2      | 1079 ||| UPGRADING to +0 ring mail.
  1089 | D:2      | 1089 ||| DROPPING +0 robe.
  1090 | D:2      | 1090 ||| UPGRADING to amulet of faith.
  1095 | D:2      | 1095 ||| READING scroll labelled TUCUEX NAEQ.
  1096 | D:2      | 1096 ||| READING 3 scrolls labelled LETZUG KESH.
  1097 | D:2      | 1097 ||| READING scroll labelled NECRONNASKE.
  1098 | D:2      | 1098 ||| READING scroll labelled IMOMNO SOTSOIM.
  1099 | D:2      | 1099 ||| DRINKING 2 grey potions.
  1100 | D:2      | 1100 ||| DRINKING 2 white potions.
  1101 | D:2      | 1101 ||| READING 2 scrolls of identify.
  1101 | D:2      | 1101 ||| IDENTIFYING bubbling ruby potion
  1102 | D:2      | 1102 ||| DROPPING potion of attraction.
  1136 | D:3      | Found a stormy altar of Qazlal.
  1176 | D:3      | Reached skill level 4 in Ranged Weapons
  1197 | D:3      | 1197 ||| Stepping ~*~*~tactically~*~*~ (outnumbered).
  1215 | D:3      | Reached skill level 1 in Armour
  1221 | D:3      | HP: 7/29 [something (4)]
  1222 | D:3      | 1222 ||| READING scroll of teleportation.
  1224 | D:3      | HP: 2/29 [something (2)]
  1365 | D:3      | Reached XP level 4. HP: 36/36 MP: 4/4
  1479 | D:3      | HP: 6/36 [something/magic dart (4)]
  1481 | D:3      | Reached skill level 5 in Ranged Weapons
  1735 | D:3      | Found a runed translucent door.
  1736 | D:3      | Noticed Crazy Yiuf
  2141 | D:3      | 2141 ||| UPGRADING to +2 pair of gloves.
  2151 | D:3      | 2151 ||| DROPPING +0 pair of gloves.
  2152 | D:3      | 2152 ||| UPGRADING to scarf of repulsion.
  2157 | D:3      | 2157 ||| READING scroll labelled GESHRE FUNEOS.
  2158 | D:3      | 2158 ||| DRINKING 3 glowing clear potions.
  2159 | D:3      | 2159 ||| READING 2 scrolls of identify.
  2159 | D:3      | 2159 ||| IDENTIFYING glowing yellow potion
  2160 | D:3      | 2160 ||| DROPPING 2 potions of magic.
  2195 | D:4      | Found a sparkling altar of Nemelex Xobeh.
  2227 | D:4      | Reached skill level 3 in Fighting
  2227 | D:4      | Reached XP level 5. HP: 45/45 MP: 5/5
  2267 | D:4      | Found a bloodstained altar of Trog.
  2274 | D:4      | Identified the +8 war axe of the Fray {flame, rC++ rN+++
                  | Dex-5 Stlth+}
  2319 | D:4      | 2319 ||| FLEEEEING.
  2320 | D:4      | 2320 ||| FLEEEEING.
  2321 | D:4      | 2321 ||| FLEEEEING.
  2322 | D:4      | 2322 ||| FLEEEEING.
  2323 | D:4      | 2323 ||| FLEEEEING.
  2324 | D:4      | 2324 ||| FLEEEEING.
  2325 | D:4      | 2325 ||| FLEEEEING.
  2326 | D:4      | 2326 ||| FLEEEEING.
  2327 | D:4      | 2327 ||| STAIRDANCE
  2343 | D:3      | 2343 ||| READING scroll labelled MAMA VUCEOCEJA.
  2344 | D:3      | 2344 ||| READING 2 scrolls of identify.
  2344 | D:3      | 2344 ||| IDENTIFYING fuming puce potion
  2345 | D:3      | 2345 ||| DROPPING potion of berserk rage.
  2357 | D:4      | 2357 ||| STAIRDANCE
  2417 | D:4      | Noticed a phantom
  2433 | D:4      | Killed a phantom
  2434 | D:4      | Reached skill level 6 in Ranged Weapons
  2434 | D:4      | Reached XP level 6. HP: 30/51 MP: 6/6
  2434 | D:4      | 2434 ||| FLEEEEING.
  2564 | D:4      | 2564 ||| FLEEEEING.
  2565 | D:4      | 2565 ||| FLEEEEING.
  2566 | D:4      | 2566 ||| FLEEEEING.
  2567 | D:4      | 2567 ||| FLEEEEING.
  2568 | D:4      | 2568 ||| FLEEEEING.
  2569 | D:4      | 2569 ||| FLEEEEING.
  2623 | D:4      | Found a staircase to the Ecumenical Temple.
  2624 | D:4      | 2624 ||| PLANNING TEMPLE
  2624 | D:4      | 2624 ||| DRINKING 3 pink potions.
  2625 | D:4      | 2625 ||| READING 2 scrolls of identify.
  2625 | D:4      | 2625 ||| IDENTIFYING ruby potion
  2633 | Temple   | Entered the Ecumenical Temple
  2633 | Temple   | Found a transporter.
  2633 | Temple   | Found a transporter.
  2635 | Temple   | Found a transporter.
  2635 | Temple   | Found a transporter.
  2645 | Temple   | 2645 ||| PLANNING D:1-11
  2650 | Temple   | 2650 ||| PLANNING OKAWARU WORSHIP
  2657 | Temple   | Became a worshipper of Warmaster Okawaru
  2658 | Temple   | 2658 ||| PLANNING D:1-11
  2812 | D:4      | Noticed Robin
  2823 | D:4      | Killed Robin
  2921 | D:4      | 2921 ||| FLEEEEING.
  2988 | D:4      | Reached skill level 7 in Ranged Weapons
  2997 | D:4      | Found an opulent altar of Gozag.
  3026 | D:4      | HP: 13/52 [gnoll/+0 whip (2)]
  3031 | D:4      | HP: 8/52 [gnoll/+0 spear (6)]
  3032 | D:4      | HP: 3/52 [gnoll/+0 spear (5)]
  3307 | D:5      | Entered Level 5 of the Dungeon
  3308 | D:5      | 3308 ||| PLANNING SEWER
  3323 | D:5      | Reached XP level 7. HP: 52/59 MP: 7/7
  3420 | D:5      | Reached * piety under Okawaru
  3421 | D:5      | Reached skill level 8 in Ranged Weapons
  3580 | D:5      | Found Cizuafy's Book Boutique.
  3581 | D:5      | 3581 ||| SWAPPING to +0 arbalest.
  3587 | D:5      | 3587 ||| DROPPING +1 sling of draining.
  3729 | D:5      | Reached skill level 1 in Invocations
  3734 | D:5      | Found a shadowy altar of Dithmenos.
  4039 | D:5      | You fall into a shaft and drop 2 floors!
  4066 | D:7      | 4066 ||| INVOKING Heroism.
  4195 | D:7      | Found a burning altar of Makhleb.
  4196 | D:7      | 4196 ||| RIP SEWER
  4196 | D:7      | 4196 ||| PLANNING D:1-11
  4224 | D:7      | 4224 ||| INVOKING Heroism.
  4226 | D:7      | HP: 12/53 [wight/+0 long sword (5)]
  4228 | D:7      | HP: 3/53 [wight/+0 long sword (5)]
  4229 | D:7      | Slain by a wight

Levels and vault maps discovered:
D:1:      sevenhm_arrival_forest_fort_large_4, layout_rooms, serial_shops, shop
D:2:      layout_loops_ring, serial_shops, shop, nrook_mini_vaults
D:3:      layout_basic, grunt_qazlal_clouds, chequers_serial_rivers_micro_b,
          minmay_misc_feat_hallway, dk_vineyard_1, uniq_crazy_yiuf_cottage
D:4:      minmay_chambers_of_threes, layout_rooms, grunt_gozag_statues,
          chequers_temple_overflow_statue_of_worship, temple_fountains,
          serial_bayou_pond_b, minmay_misc_feat_enclosed,
          minmay_misc_feat_alley, uniq_robin
D:5:      layout_loops_corners, mainiacjoe_overflow_cross_hatched, serial_shops,
          nicolae_shop_rolling_square, gup_sewer_entry_bowl,
          minmay_tree_intersection
D:7:      layout_basic, mainiacjoe_overflow_boulevard,
          gammafunk_temple_overflow_elements
Temple:   hellmonk_temple_divided_pantheon

Skill      XL: |  1  2  3  4  5  6  7 |
---------------+----------------------+-----
Ranged Weapons | 3 4 5 6 7 8 |  8.1
Fighting       | 2 3 4 5 |  5.0
Armour         | 1 2 |  2.0
Invocations    | 2 |  2.6
Dodging        | |  2.1
Spellcasting   | |  1.0
Hexes          | |  2.0

Action                     |  1- 3 |  4- 6 |  7- 9 || total
---------------------------+-------+-------+-------++-------
   Fire: Sling             |    99 |   222 |    17 ||   338
         Arbalest          |       |       |    65 ||    65
 Invoke: Heroism           |       |       |     2 ||     2
    Use: Scroll            |     8 |     5 |       ||    13
         Potion            |     2 |     2 |       ||     4
 Armour: Robe              |     2 |       |       ||     2
         Ring mail         |    16 |    61 |    53 ||   130
  Dodge: Dodged            |    30 |    84 |    36 ||   150
         Repelled          |       |       |     1 ||     1

Table legend:
 A = Non-vault XP
 B = Vault XP
 C = Vault XP percentage of total XP
 D = Non-vault monster count
 E = Vault monster count
 F = Vault count percentage of total count
                 A         B        C        D         E       F
            +---------+---------+-------+---------+---------+-------
      Total |    1084 |     248 |  18.6 |      94 |      26 |  21.7
            +---------+---------+-------+---------+---------+-------
        D:1 |      27 |       0 |   0.0 |      18 |       0 |   0.0
        D:2 |      21 |       0 |   0.0 |       6 |       0 |   0.0
        D:3 |     119 |      40 |  25.2 |      24 |       2 |   7.7
        D:4 |     310 |     203 |  39.6 |      30 |      23 |  43.4
        D:5 |     446 |       5 |   1.1 |       9 |       1 |  10.0
        D:7 |     161 |       0 |   0.0 |       7 |       0 |   0.0
            +---------+---------+-------+---------+---------+-------
